 Dungeon Crawl Stone Soup version 0.28-a0-1174-g766a6a42ef (webtiles) character file.

Game seed: 16715205590930165004

767 Mamutox the Covert (level 7, -2/32 HPs)
             Began as a Spriggan Venom Mage on Dec 16, 2021.
             Slain by a water moccasin skeleton (7 damage)
             ... on level 5 of the Dungeon.
             The game lasted 00:23:25 (5195 turns).

Mamutox the Covert (Spriggan Venom Mage)            Turns: 5195, Time: 00:23:25

Health: -2/32      AC:  4    Str:  4    XL:     7   Next: 52%
Magic:  23/25      EV: 21    Int: 19    God:
Gold:   260        SH:  0    Dex: 15    Spells: 14/17 levels left

rFire   . . .      SeeInvis +   k - +1 dagger (vamp)
rCold   . . .      Faith    .   (shield restricted)
rNeg    . . .      Spirit   .   a - +0 robe
rPois   .          Reflect  .   (helmet restricted)
rElec   .          Harm     .   u - +1 cloak
rCorr   .          Rampage  .   (gloves unavailable)
Will    +....                   (boots unavailable)
Stlth   ++++......              (no amulet)
HPRegen 0.10/turn               d - ring of magical power
MPRegen 0.19/turn               f - +4 ring of evasion

@: very quick
A: very small, no large weapons, unfitting armour, see invisible, speed 3
a: no special abilities


You were on level 5 of the Dungeon.
You visited 1 branch of the dungeon, and saw 6 of its levels.

You collected 260 gold pieces.

Inventory:

Hand Weapons
 k - a +1 vampiric dagger (weapon)
 o - a +0 hunting sling
 s - a +0 short sword of flaming
Missiles
 i - 208 stones
 q - 40 poisoned darts
 t - 2 boomerangs (quivered)
Armour
 a - a +0 robe (worn)
 u - a +1 cloak (worn)
Jewellery
 d - a ring of magical power (left hand)
 f - a +4 ring of evasion (right hand)
 v - a ring of magical power
Wands
 l - a wand of flame (54)
Scrolls
 c - 2 scrolls of teleportation {unknown}
 e - 4 scrolls of fog {unknown}
 g - a scroll of holy word {unknown}
 h - a scroll of identify {unknown}
 m - 2 scrolls of magic mapping {unknown}
 n - 2 scrolls of brand weapon {unknown}
 r - a scroll of fear {unknown}
Potions
 b - a potion of ambrosia {unknown}
 j - a potion of flight {unknown}
 p - a potion of brilliance {unknown}


   Skills:
 - Level 1.1 Short Blades
 - Level 3.1 Throwing
 - Level 2.7 Dodging
 - Level 8.9 Stealth
 - Level 5.6 Spellcasting
 - Level 1.3 Transmutations
 - Level 3.0 Poison Magic
 + Level 4.0 Evocations


You had 14 spell levels left.
You knew the following spells:

 Your Spells              Type           Power      Damage    Failure   Level
a - Sting                 Tmut/Pois      52%        1d5       4%          1
b - Pain                  Necr           20%        1d5       12%         1
c - Freeze                Ice            20%        1d4       12%         1

Your spell library contained the following spells:

 Spells                   Type           Power      Damage    Failure   Level
 Poisonous Vapours        Pois/Air       22%        N/A       10%         2
 Passwall                 Tmut/Erth      5%         N/A       13%         2
 Mephitic Cloud           Conj/Pois/Air  9%         N/A       24%         3
 Olgreb's Toxic Radiance  Pois           16%        N/A       32%         4
 Frozen Ramparts          Ice            10%        1d3       34%         3
 Swiftness                Air            5%         N/A       34%         3
 Hailstorm                Conj/Ice       5%         3d4       75%         4
 Agony                    Necr           5%         N/A       97%         5
 Excruciating Wounds      Necr           2%         N/A       97%         5


Dungeon Overview and Level Annotations

Branches:
Dungeon (6/15)
 Temple: D:4-7

Altars:
Hepliaklqana
Sif Muna

Shops:
D:2 (   D:3 ?

Annotations:
D:4 melvinkitnick's ghost, amateur DENe


Innate Abilities, Weirdness & Mutations

You are very small and have problems with some larger weapons.
You are too small for most types of armour.
You have supernaturally acute eyesight. (SInv)
You cover ground extremely quickly. (Speed+++)


Message History

The water moccasin skeleton bites you but does no damage.
You see here a hound skeleton.
Found an escape hatch in the ceiling.
You hit the water moccasin skeleton.
The water moccasin skeleton is severely damaged.
The water moccasin skeleton bites you.
You hit the water moccasin skeleton but do no damage.
The water moccasin skeleton is severely damaged.
The water moccasin skeleton bites you but does no damage.
The water moccasin skeleton closely misses you.
You completely miss the water moccasin skeleton.
The water moccasin skeleton is severely damaged.
The water moccasin skeleton bites you.
Press: ? - help, v - describe, . - travel A rock wall.
Casting: Sting (safe; 4% risk of failure)
Confirm with . or Enter, or press ? or * to list all spells.
Okay, then.
Memorise Freeze, consuming 1 spell level and leaving 14?
You start memorising the spell.
You continue memorising.
You finish memorising.
Spell assigned to 'c'.
Casting: Sting (safe; 4% risk of failure)
Confirm with . or Enter, or press ? or * to list all spells.
Aiming: Freeze (safe; 12% risk of failure)
Press: ? - help, Shift-Dir - straight line, f/p - water moccasin skeleton
Aim: a water moccasin skeleton (severely damaged)
You freeze the water moccasin skeleton but do no damage.
The water moccasin skeleton completely resists.
The water moccasin skeleton misses you.
Casting: Freeze (safe; 12% risk of failure)
Confirm with . or Enter, or press ? or * to list all spells.
Aiming: Freeze (safe; 12% risk of failure)
Press: ? - help, Shift-Dir - straight line, f/p - water moccasin skeleton
Aim: a water moccasin skeleton (severely damaged)
You freeze the water moccasin skeleton but do no damage.
The water moccasin skeleton completely resists.
The water moccasin skeleton bites you!
* * * LOW HITPOINT WARNING * * *
The water moccasin skeleton bites you!
You die...

####..###..#........... .#.#..#
##.##......# ......#..##.##....#
.#.............#..##
.#...###.......#...+ .....#
##.###.##...# .###.# ##.#
####...#
.###.###..###......###+#
.#....###.......@......#
.......#.......Z#.....##
........>.......####..##
.........>........#....###
..........>......##...##.######
..............##..#....#......##
.#.............#.###...........#
###.#..........................#
....#.....#...................##


You could see a water moccasin skeleton.

Vanquished Creatures
  A necrophage (D:5)
  3 ogres
  A scorpion (D:5)
  A water moccasin zombie (D:5)
  2 howler monkeys (D:5)
  A hound (D:5)
  3 orc wizards
  A killer bee zombie (D:5)
  7 adders
  A worm (D:3)
  A dart slug (D:1)
  7 orcs
  8 ball pythons
  A bat (D:2)
  An endoplasm (D:1)
  6 giant cockroaches
  5 goblins
  8 hobgoblins
  3 jackals (D:1)
  A frilled lizard (D:2)
  4 kobolds
  2 rats
68 creatures vanquished.

Notes
Turn   | Place    | Note
-------+----------+-------------------------------------------
     0 | D:1      | Mamutox the Spriggan Venom Mage began the quest for the
                  | Orb.
     0 | D:1      | Reached XP level 1. HP: 9/9 MP: 5/5
   254 | D:1      | Found a faded altar of an unknown god.
   307 | D:1      | Reached XP level 2. HP: 10/13 MP: 7/7
  1019 | D:2      | Found Usmu's Weapon Shoppe.
  1039 | D:2      | Reached skill level 4 in Stealth
  1092 | D:2      | Reached XP level 3. HP: 16/16 MP: 9/9
  1162 | D:2      | Found a shimmering blue altar of Sif Muna.
  1289 | D:2      | Learned a level 1 spell: Pain
  1769 | D:2      | Reached skill level 1 in Short Blades
  1947 | D:3      | Reached skill level 5 in Stealth
  1947 | D:3      | Reached XP level 4. HP: 21/21 MP: 11/11
  2165 | D:3      | Found a hazy altar of Hepliaklqana.
  2751 | D:3      | Found Dullamon's Magic Scroll Shop.
  2972 | D:4      | Noticed an ogre
  2989 | D:4      | Killed an ogre
  2990 | D:4      | Reached skill level 6 in Stealth
  2990 | D:4      | Reached skill level 5 in Spellcasting
  2990 | D:4      | Reached XP level 5. HP: 24/24 MP: 13/13
  3361 | D:4      | Found a runed translucent door.
  3364 | D:4      | Noticed melvinkitnick's ghost (amateur DENe)
  3652 | D:4      | Reached skill level 7 in Stealth
  4274 | D:5      | Entered Level 5 of the Dungeon
  4274 | D:5      | Noticed an ogre
  4289 | D:5      | Killed an ogre
  4290 | D:5      | Reached skill level 1 in Throwing
  4290 | D:5      | Reached XP level 6. HP: 28/28 MP: 14/14
  4364 | D:5      | Reached skill level 8 in Stealth
  4733 | D:5      | Reached XP level 7. HP: 27/32 MP: 15/15
  5036 | D:5      | Reached skill level 1 in Evocations
  5194 | D:5      | Learned a level 1 spell: Freeze
  5195 | D:5      | Slain by a water moccasin skeleton

Illustrated notes

Levels and vault maps discovered:
D:1:      dpeg_arrival_shelter, layout_basic,
          dreamdust_ecumenical_altar_sealed_demon, minmay_misc_feat_pillars,
          nicolae_figureground_sparkle
D:2:      layout_basic, basic_altar, serial_shops,
          nicolae_shop_bloodbath_and_beyond, kennysheep_path_1, minmay_between
D:3:      layout_basic, amcnicky_altar_gilded, serial_shops, shop_fountains,
          serial_bayou_lake_a
D:4:      layout_basic, nicolae_ossuary_entry_plus, ebering_ghost_sewer_d
D:5:      layout_cave_pools, kennysheep_generic_room_13
D:6:      layout_rooms, minmay_temple_entry_mist, serial_shops,
          nicolae_square_shop, serial_co_window_serial, co_window_cross_1,
          co_window_paths_a, co_window_paths_b, co_window_paths_b,
          co_window_paths_a, co_window_2corner, co_window_cross_3,
          co_window_unsneaky_path_d, glass_columns_a, glass_columns_b

Skill      XL: |  1  2  3  4  5  6  7 |
---------------+----------------------+-----
Spellcasting   | 3 4 5 |  5.6
Stealth        | 4 5 6 7 8 |  8.9
Short Blades   | 1 |  1.1
Throwing       | 1 3 |  3.1
Evocations     | 4 |  4.0
Dodging        | |  2.7
Transmutations | |  1.3
Poison Magic   | |  3.0

Action                   |  1- 3 |  4- 6 |  7- 9 || total
-------------------------+-------+-------+-------++-------
Melee: Unarmed           |     2 |       |       ||     2
       Dagger            |     5 |    31 |    35 ||    71
Throw: Boomerang         |       |       |    15 ||    15
 Cast: Sting             |    49 |    49 |    10 ||   108
       Pain              |       |     5 |       ||     5
       Freeze            |       |       |     2 ||     2
Evoke: Wand              |       |       |     4 ||     4
 Stab: Sleeping          |     4 |     8 |     1 ||    13
Armor: Robe              |     1 |     1 |    11 ||    13
Dodge: Dodged            |     7 |    22 |    43 ||    72

Table legend: (Time is in decaauts)
 A = Elapsed time spent in this place.
 B = Non-inter-level travel time spent in this place.
 C = Inter-level travel time spent in this place.
 D = Time resting spent in this place.
 E = Time spent auto-exploring this place.
 F = Levels seen in this place.
 G = Mean time per level.
                   A        B        C        D        E       F      G
               +--------+--------+--------+--------+--------+-----+--------+
         Total |   3659 |   3606 |     53 |    575 |   2006 |   6 |  609.8 |
       Dungeon |   3659 |   3606 |     53 |    575 |   2006 |   6 |  609.8 |
               +--------+--------+--------+--------+--------+-----+--------+

Top non-repeatable levels by time:
     D:4: 926 daAuts
     D:5: 737 daAuts
     D:1: 704 daAuts
     D:3: 698 daAuts
     D:2: 579 daAuts
     D:6: 12 daAuts
